AoeStats
← 海峡

Arena

508632335Analyzed
4v4 RM · 10d ago on Sep 23, 2026· 62m 15s· 8 players
Game mode
Random Map
Map size
Large (8 player)
Population
200
Speed
Normal
Resources
Standard
Victory
Conquest
Starting age
Dark Age
Ending age
Imperial Age
RankedLock teamsTeams togetherTeam positionsShared explorationLock speedFull tech treeHidden civsTurbo modeCheats
Victory
Defeat
🇨🇳 Magyars · China
1460
+7
🇨🇳 Khmer · China
1355
+10
1219
+16
🇨🇳 Mongols · China
1207
+16
🇸🇰 Byzantines · Slovakia
1257
-13
🇨🇳 Italians · China
1234
-13
🇵🇰 Bengalis · Pakistan
1213
-12
🇿🇦 Burgundians · South Africa
1185
-11
khamz
9:48 Feudal Age
10:39 Loom
14:19 Castle Age
12:32 Double-Bit Axe
12:28 Horse Collar
20:30 Fervor
22:20 Wheelbarrow
21:32 Town Watch
23:08 Gold Mining
23:11 Stone Mining
23:33 Bow Saw
23:24 Heavy Plow
23:48 Hand Cart
28:20 Imperial Age
25:58 Fletching
26:38 Padded Archer Armor
27:19 Gold Shaft Mining
27:13 Bodkin Arrow
27:42 Leather Archer Armor
27:50 Ballistics
28:46 Elite Elephant Archer
29:28 Bracer
29:58 Ring Archer Armor
30:32 Chemistry
30:49 Two-Man Saw
30:21 Crop Rotation
31:45 Guilds
31:37 Scale Mail Armor
31:47 Forging
33:01 Loom
33:32 Chain Mail Armor
33:52 Iron Casting
33:20 Squires
32:41 Pikeman
33:07 Arson
33:21 Murder Holes
35:01 Paiks
36:13 Conscription
35:51 Halberdier
37:32 Blast Furnace
36:41 Caravan
37:12 Coinage
37:18 Mahayana
39:13 Devotion
39:13 Siege Elephant
40:16 Siege Engineers
40:28 Fortified Wall
40:28 Masonry
45:57 Scale Barding Armor
47:56 Chain Barding Armor
49:46 Light Cavalry
50:27 Husbandry
51:21 Bloodlines
56:35 Plate Barding Armor
rayquaza
11:21 Feudal Age
15:27 Castle Age
13:40 Double-Bit Axe
16:32 Bow Saw
16:05 Horse Collar
20:19 Squires
22:21 Scale Mail Armor
22:09 Gambesons
23:34 Chain Mail Armor
24:42 Loom
27:26 Forging
28:42 Arson
30:03 Pikeman
31:32 Iron Casting
36:49 Imperial Age
34:33 Fortified Wall
34:04 Treadmill Crane
35:12 Fletching
35:22 Padded Archer Armor
36:06 Guard Tower
38:40 Ballistics
46:01 Gold Mining
48:37 Elite Varangian Guard
54:25 Plate Mail Armor
Ruviel
4:38 Double-Bit Axe
10:21 Feudal Age
9:49 Horse Collar
14:09 Castle Age
13:15 Bow Saw
14:25 Loom
21:34 Husbandry
24:01 Wheelbarrow
22:57 Cavalier
25:13 Two-Man Saw
24:48 Gold Mining
25:14 Heavy Plow
27:25 Scale Barding Armor
31:41 Imperial Age
30:35 Chain Barding Armor
31:13 Gold Shaft Mining
31:49 Paladin
32:46 Pikeman
33:39 Scale Mail Armor
34:51 Halberdier
37:33 Chain Mail Armor
37:30 Squires
40:12 Conscription
40:31 Plate Mail Armor
40:19 Forging
43:10 Iron Casting
45:47 Blast Furnace
45:33 Plate Barding Armor
47:03 Hand Cart
WEN
11:16 Feudal Age
12:37 Double-Bit Axe
12:57 Horse Collar
15:27 Castle Age
16:28 Bow Saw
23:37 Heavy Plow
24:01 Forging
24:37 Wheelbarrow
25:08 Gold Mining
28:28 Imperial Age
26:34 Fletching
27:03 Padded Archer Armor
27:26 Bodkin Arrow
28:12 Loom
28:45 Hand Cart
29:23 Ballistics
30:16 Chemistry
29:36 Bracer
29:52 Leather Archer Armor
29:20 Treadmill Crane
30:54 Conscription
31:51 Crop Rotation
32:25 Two-Man Saw
31:16 Elite Genoese Crossbowman
32:12 Guilds
37:51 Ring Archer Armor
37:54 Coinage
37:35 Stone Mining
42:17 Stone Shaft Mining
46:54 Scale Mail Armor
47:01 Scale Barding Armor
47:06 Forging
46:57 Light Cavalry
47:47 Bloodlines
47:38 Husbandry
49:04 Banking
47:57 Hussar
48:47 Bloodlines
50:13 Iron Casting
52:13 Chain Barding Armor
52:53 Blast Furnace
54:12 Fortified Wall
54:12 Masonry
53:43 Capped Ram
56:43 Onager
西貢蘇tszxxx怒插慈雲山傻尻
10:47 Feudal Age
14:50 Castle Age
12:41 Double-Bit Axe
12:37 Horse Collar
16:12 Wheelbarrow
21:51 Bow Saw
21:45 Heavy Plow
22:41 Hand Cart
25:44 Padded Archer Armor
25:51 Scale Barding Armor
26:09 Forging
26:12 Loom
27:20 Chain Barding Armor
26:59 Town Watch
30:23 Imperial Age
29:15 Fletching
29:25 Padded Archer Armor
29:05 Crossbowman
29:50 Thumb Ring
29:42 Gold Mining
30:55 Bodkin Arrow
31:16 Leather Archer Armor
32:46 Two-Man Saw
32:31 Gold Shaft Mining
33:06 Stone Mining
34:25 Chemistry
33:45 Ballistics
34:49 Guilds
34:03 Arbalester
34:45 Bracer
36:03 Bolt Magazine
38:27 Town Patrol
45:03 Ring Archer Armor
52:40 Scale Mail Armor
56:05 Coinage
56:23 Siege Engineers
57:50 Banking
萱你在吗
10:02 Feudal Age
13:32 Castle Age
11:40 Double-Bit Axe
12:06 Horse Collar
14:55 Bow Saw
18:25 Wheelbarrow
22:14 Gold Mining
22:14 Stone Mining
22:33 Heavy Plow
25:25 Gold Shaft Mining
24:42 Stone Mining
27:30 Imperial Age
27:24 Bloodlines
27:15 Husbandry
27:44 Hand Cart
28:14 Scale Barding Armor
28:19 Forging
28:33 Loom
29:39 Crop Rotation
29:44 Chain Barding Armor
29:01 Elite Battle Elephant
31:20 Iron Casting
31:23 Plate Barding Armor
32:00 Iron Casting
31:17 Capped Ram
33:47 Conscription
34:57 Blast Furnace
35:44 Siege Ram
35:56 Light Cavalry
36:43 Hussar
41:25 Heavy Scorpion
43:42 Chemistry
42:56 Siege Engineers
45:34 Double Crossbow
48:27 Caravan
58:31 Tusk Swords
海峡
13:10 Feudal Age
13:49 Horse Collar
13:56 Double-Bit Axe
14:20 Gold Mining
14:32 Stone Mining
17:15 Castle Age
18:21 Bow Saw
18:15 Heavy Plow
18:53 Gold Shaft Mining
20:34 Loom
23:53 Imperial Age
22:27 Scale Barding Armor
24:09 Chain Barding Armor
25:39 Two-Man Saw
26:21 Wheelbarrow
26:55 Conscription
27:18 Plate Barding Armor
28:36 Crop Rotation
31:00 Fletching
32:08 Hand Cart
32:30 Corvinian Army
34:24 Bloodlines
34:48 Town Watch
35:40 Town Patrol
36:00 Treadmill Crane
37:52 Chemistry
38:29 Bodkin Arrow
38:35 Padded Archer Armor
39:53 Padded Archer Armor
41:20 Bracer
41:22 Padded Archer Armor
42:05 Thumb Ring
44:25 Leather Archer Armor
44:28 Heated Shot
44:59 Ballistics
44:05 Heavy Cavalry Archer
45:11 Parthian Tactics
47:14 Ring Archer Armor
47:19 Parthian Tactics
47:06 Recurve Bow
55:45 Husbandry
还有遗憾吗
9:48 Feudal Age
15:01 Castle Age
13:39 Double-Bit Axe
13:50 Stone Mining
14:33 Horse Collar
24:53 Gold Mining
29:02 Imperial Age
26:56 Heavy Plow
27:13 Bow Saw
27:59 Gold Shaft Mining
27:55 Fletching
28:05 Padded Archer Armor
29:00 Stone Shaft Mining
28:31 Bodkin Arrow
29:23 Loom
30:15 Wheelbarrow
29:26 Town Watch
30:01 Leather Archer Armor
30:09 Ballistics
30:54 Chemistry
30:17 Bracer
30:30 Husbandry
30:48 Bloodlines
32:05 Conscription
32:00 Forging
32:17 Parthian Tactics
31:59 Thumb Ring
31:18 Light Cavalry
33:05 Scale Barding Armor
33:37 Iron Casting
33:44 Hussar
35:20 Elite Mangudai
37:37 Chain Barding Armor
38:18 Blast Furnace
40:31 Coinage
45:06 Elite Steppe Lancer
46:10 Hand Cart
48:55 Capped Ram
50:29 Siege Ram
56:14 Caravan
Connection lost

Rejoining the realm…

Still unreachable

The connection could not be restored.

Session expired

The server has moved on; the page needs a fresh start.